 Dungeon Crawl Stone Soup version 0.25-a0-317-g5f8687bca5 (webtiles) character file.

Game seed: 2738424792339952853, levelgen mode: deterministic

132 Esekla the Sneak (level 5, -1/26 HPs)
             Began as a Vine Stalker Assassin on Dec 26, 2019.
             Slain by an orc wizard
             ... wielding a +0 dagger
              (3 damage)
             ... on level 3 of the Dungeon.
             The game lasted 00:06:57 (1281 turns).

Esekla the Sneak (Vine Stalker Assassin)            Turns: 1281, Time: 00:06:57

Health: -1/26      AC:  3    Str: 14    XL:     5   Next: 15%
Magic:  0/8        EV: 14    Int: 12    God:
Gold:   56         SH:  0    Dex: 15    Spells: 7/7 levels left

rFire    . . .     SeeInvis .   o - +0 short sword (flame)
rCold    + . .     Gourm    .   (no shield)
rNeg     . . .     Faith    .   b - +0 robe
rPois    .         Spirit   +   (no helmet)
rElec    .         Reflect  .   c - +0 cloak
rCorr    .         Harm     .   (no gloves)
MR       .....                  (no boots)
Stlth    +++.......             (no amulet)
HPRegen  0.48/turn              m - ring of protection from cold
MPRegen  0.11/turn              p - +2 ring of evasion

@: no status effects
A: fangs 2, regeneration 1, magic shield, antimagic bite, no potion heal 3, rot
immunity
a: no special abilities


You were on level 3 of the Dungeon.
You were not hungry.

You visited 1 branch of the dungeon, and saw 3 of its levels.

You collected 56 gold pieces.

Inventory:

Hand Weapons
 a - a +2 dagger
 l - a +0 vampiric dagger
 o - a +0 short sword of flaming (weapon)
Missiles
 d - 4 poisoned darts (quivered)
 e - 2 curare-tipped darts
Armour
 b - a +0 robe (worn)
 c - a +0 cloak (worn)
Jewellery
 m - a ring of protection from cold (left hand)
 p - a +2 ring of evasion (right hand)
Scrolls
 g - 2 scrolls of random uselessness {unknown}
 i - a scroll of amnesia {unknown}
 k - a scroll of immolation {unknown}
 n - 2 scrolls of teleportation {unknown}
Potions
 h - a potion of might {unknown}
 j - a potion of cancellation {unknown}
Comestibles
 f - 3 rations


   Skills:
 + Level 2.3 Fighting
 + Level 2.2 Short Blades
 + Level 2.3 Throwing
 + Level 1.1 Dodging
 + Level 6.1 Stealth
 * Level 1.8 Spellcasting


You had 7 spell levels left.
You didn't know any spells.
Your spell library was empty.

Dungeon Overview and Level Annotations

Branches:
Dungeon (3/15)

Altars:

Annotations:
D:3 1 transporter, Esekla's ghost, weakling VSAs


Innate Abilities, Weirdness & Mutations

You have extremely sharp teeth.
Your natural rate of healing is unusually fast.
When hurt, damage is shared between your health and your magic reserves.
Your bite disrupts and absorbs the magic of your enemies.
Potions cannot restore your health.
You are immune to rotting.


Message History

You drain its power.
The orc priest is almost dead.
The gnoll barely misses you. The gnoll hits you with a +0 halberd.
The orc priest hits you with a +0 hand axe.
You hit the orc priest. You burn the orc priest.
You kill the orc priest!
You have reached level 5!
The gnoll hits you with a +0 club.
* * * LOW HITPOINT WARNING * * *
The gnoll misses you. The gnoll hits you.
* * * LOW HITPOINT WARNING * * *
You hear some strange, mumbled words.
A puff of frost appears from out of thin air!
The puff of frost hits you. You resist.
* * * LOW HITPOINT WARNING * * *
Something barely misses you.
There is a stone staircase leading up here.
Something hits you.
You die...

# # ########## # .#........# #
###.#.######.# # #.... #.# #
#.#.# ##.##### #.#.# #....<..
############@#.# ##.#####
##............#.#### ##.##
##.#.#####....g.....# ##...####
##.###.####.#..##g##.# #........
#.## ##....#.#)#.#.#.####...####
##.###.####.#.#g#.#.#.#.........
##†#.# #..#.#o#g#.#.##.##.#####
##.####.#.#.#.#.#.#...##.##
#........#.#.#.#.#.#......#


You could see 2 gnolls.

Vanquished Creatures
  An orc priest (D:3)
  Crazy Yiuf (D:2)
  An adder (D:2)
  An ooze (D:2)
  3 worms
  2 dart slugs
  2 leopard geckos
  An orc (D:3)
  3 giant cockroaches
  4 goblins (D:1)
  2 hobgoblins
  8 kobolds
  8 bats
  5 frilled lizards
  9 rats
51 creatures vanquished.

Notes
Turn   | Place    | Note
-------+----------+-------------------------------------------
     0 | D:1      | Esekla the Vine Stalker Assassin began the quest for the
                  | Orb.
     0 | D:1      | Reached XP level 1. HP: 11/11 MP: 2/2
   245 | D:1      | Reached skill level 5 in Stealth
   246 | D:1      | Reached XP level 2. HP: 15/15 MP: 2/4
   325 | D:1      | Reached skill level 1 in Spellcasting
   477 | D:1      | Reached XP level 3. HP: 4/18 MP: 5/5
   728 | D:2      | Found a runed translucent door.
   729 | D:2      | Noticed Crazy Yiuf
   736 | D:2      | Killed Crazy Yiuf
   790 | D:2      | Gained mutation: Your natural rate of healing is unusually
                  | fast. [Vine Stalker growth]
   790 | D:2      | Reached XP level 4. HP: 23/23 MP: 7/7
   913 | D:2      | Reached skill level 1 in Dodging
  1147 | D:3      | Noticed Esekla's ghost (weakling VSAs)
  1148 | D:3      | Noticed an ogre
  1152 | D:3      | Found a transporter.
  1239 | D:3      | Reached skill level 6 in Stealth
  1275 | D:3      | Reached XP level 5. HP: 9/26 MP: 3/8
  1279 | D:3      | HP: 1/26 [something/puff of frost (4)]
  1281 | D:3      | Slain by an orc wizard

Levels and vault maps discovered:
D:1:      shiori_arrival_maze, layout_rooms
D:2:      layout_rooms, uniq_crazy_yiuf_cottage
D:3:      layout_loops_ring, grunt_temple_overflow_open, gammafunk_ghost_arena,
          minivault_23

Skill      XL: |  1  2  3  4 |
---------------+-------------+-----
Stealth        | 5 6 |  6.1
Spellcasting   | 1 |  1.8
Throwing       | 2 |  2.3
Fighting       | 2 |  2.3
Short Blades   | 2 |  2.2
Dodging        | 1 |  1.1

Action                   |  1- 3 |  4- 6 || total
-------------------------+-------+-------++-------
Melee: Dagger            |    60 |    44 ||   104
       Bite              |    16 |    15 ||    31
       Short sword       |       |    20 ||    20
Throw: Dart              |    19 |     2 ||    21
 Stab: Sleeping          |     5 |     7 ||    12
  Eat: Chunk             |       |     1 ||     1
Armor: Robe              |    17 |    12 ||    29
Dodge: Dodged            |    21 |    35 ||    56

Table legend:
 A = Non-vault XP
 B = Vault XP
 C = Vault XP percentage of total XP
 D = Non-vault monster count
 E = Vault monster count
 F = Vault count percentage of total count
                 A         B        C        D         E       F
            +---------+---------+-------+---------+---------+-------
      Total |     147 |      42 |  22.2 |      49 |       2 |   3.9
            +---------+---------+-------+---------+---------+-------
        D:1 |      32 |       2 |   5.9 |      20 |       1 |   4.8
        D:2 |      44 |      40 |  47.6 |      15 |       1 |   6.2
        D:3 |      71 |       0 |   0.0 |      14 |       0 |   0.0
            +---------+---------+-------+---------+---------+-------
